 Dungeon Crawl Stone Soup version 0.23.2-33-g5129a83184 (webtiles) character file.

Game seed: 14529941525957207605

186 Kold the Insei (level 5, -2/33 HPs)
             Began as an Octopode Transmuter on July 31, 2019.
             Was an Initiate of Gozag.
             Slain by an ogre
             ... wielding a +0 giant club
              (21 damage)
             ... on level 4 of the Dungeon.
             The game lasted 00:05:30 (3794 turns).

Kold the Insei (Octopode Transmuter)                Turns: 3794, Time: 00:05:31

Health: -2/33      AC:  2    Str: 10    XL:     5   Next: 65%
Magic:  5/8        EV: 21    Int: 15    God:    Gozag
Gold:   139        SH:  0    Dex: 18    Spells: 4/8 levels left

rFire    . . .     SeeInvis .     - Unarmed
rCold    . . .     Gourm    .   (shield currently unavailable)
rNeg     . . .     Faith    .   (helmet currently unavailable)
rPois    x         Spirit   .   e - amulet of harm
rElec    .         Reflect  .   g - ring of stealth
rCorr    .         Harm     +   (no ring)
MR       .....                  (no ring)
Stlth    ++++......             (no ring)
HPRegen  0.11/turn              (no ring)
MPRegen  0.11/turn              (no ring)
                                (no ring)
                                (no ring)

@: spider-form (expiring)
A: tiny, almost no armour, stealthy swim, (amphibious), 8 rings, (constrict 8)
a: End Transformation, Potion Petition, Call Merchant, Bribe Branch, Renounce
Religion


You were on level 4 of the Dungeon.
You worshipped Gozag.
Gozag was aware of your devotion.
You were very hungry.
You were a venomous arachnid creature.
You visited 1 branch of the dungeon, and saw 4 of its levels.

You collected 180 gold pieces.
You paid 41 gold pieces to Gozag.

Inventory:

Missiles
 a - 57 arrows
Jewellery
 e - an amulet of harm (around neck)
 g - a ring of stealth (left front leg)
Wands
 r - a wand of scattershot (5)
Scrolls
 b - a scroll of enchant armour {unknown}
 d - 5 scrolls of identify {unknown}
 h - a scroll of fear {unknown}
 j - 2 scrolls of magic mapping {unknown}
 k - a scroll of blinking {unknown}
 l - a scroll of remove curse {unknown}
 m - a scroll of random uselessness {unknown}
 o - 2 scrolls of enchant weapon {unknown}
 p - 2 scrolls of fog {unknown}
 s - a scroll of immolation {unknown}
 u - a scroll of noise {unknown}
 v - a scroll of teleportation {unknown}
Potions
 f - a potion of invisibility {unknown}
 i - a potion of curing {unknown}
 n - a potion of lignification {unknown}
 q - a potion of degeneration {unknown}
Comestibles
 c - 6 rations


   Skills:
 - Level 1.0 Fighting
 + Level 3.2 Dodging
 - Level 3.0 Stealth
 + Level 3.9 Unarmed Combat
 + Level 2.0 Spellcasting
 + Level 3.2 Transmutations
 + Level 1.7 Poison Magic


You had 4 spell levels left.
You knew the following spells:

 Your Spells              Type           Power        Failure   Level  Hunger
a - Beastly Appendage     Tmut           ##....       17%         1    #......
b - Spider Form           Tmut/Pois      #.........   45%         3    ###....

Your spell library contained the following spells:

 Spells                   Type           Power        Failure   Level  Hunger
 Sticks to Snakes         Tmut           ##......     22%         2    ###....
 Ice Form                 Ice/Tmut       #.......     89%         4    #####..
 Blade Hands              Tmut           ##........   95%         5    ######.


Dungeon Overview and Level Annotations

Branches:
Dungeon (4/15)
 Temple: D:4-7

Altars:
Dithmenos
Elyvilon
Gozag
Okawaru
Uskayaw
Vehumet
Yredelemnul
The Shining One


Innate Abilities, Weirdness & Mutations

You cannot wear most types of armour.
You are very stealthy in the water. (Stealth+)
((You are amphibious.))
You can wear up to eight rings at the same time.
((You can use your tentacles to constrict eight enemies at once.))
((Your skin changes colour to match your surroundings (Stealth+).))
((Your rubbery body absorbs attacks. (AC +1, EV +1)))


Message History

You turn into a venomous arachnid creature.
You are feeling very hungry.
The ogre misses you.
You hit the ogre.
The ogre is poisoned.
The ogre is moderately wounded.
You completely miss the ogre.
The ogre is moderately wounded.
The ogre misses you.
You hit the ogre but do no damage.
The ogre looks as sick as possible!
The ogre is moderately wounded.
The ogre hits you with a +0 giant club!
You hit the ogre.
The ogre looks as sick as possible!
The ogre is heavily wounded.
You hit the ogre but do no damage.
The ogre looks as sick as possible!
The ogre is severely wounded.
Your transformation is almost over.
The ogre hits you with a +0 giant club!!
Ouch! That really hurt!
You die...
Your body crumbles into a pile of gold.

## #### #. ..#
#. #.# # .♣ ♣#.
#>##.# ..
♣..#####.<..#
♣.♣#.#...#.####
♣....###..#
♣♣...# #..#
###s# #.##
#O...## #.####
#.# #.# #.# #.#
...


You could see an ogre.

Vanquished Creatures
  2 orc wizards (D:3)
  A worker ant zombie (D:3)
  3 adders
  A worm (D:2)
  5 dart slugs
  A leopard gecko (D:3)
  6 orcs (D:3)
  7 giant cockroaches
  5 goblins
  7 hobgoblins
  2 jackals (D:3)
  10 kobolds
  A quokka (D:2)
  A ball python (D:3)
  11 bats
  2 frilled lizards
  3 rats
68 creatures vanquished.

Notes
Turn   | Place    | Note
-------+----------+-------------------------------------------
     0 | D:1      | Kold the Octopode Transmuter began the quest for the Orb.
     0 | D:1      | Reached XP level 1. HP: 13/13 MP: 3/3
   327 | D:1      | Reached skill level 1 in Stealth
   327 | D:1      | Reached XP level 2. HP: 2/18 MP: 3/5
   952 | D:1      | Reached XP level 3. HP: 12/23 MP: 6/6
  1530 | D:2      | Found a basalt altar of Yredelemnul.
  1616 | D:2      | Found a white marble altar of Elyvilon.
  2187 | D:2      | Reached XP level 4. HP: 28/28 MP: 5/7
  2353 | D:3      | Learned a level 3 spell: Spider Form
  2900 | D:3      | Reached skill level 1 in Poison Magic
  2900 | D:3      | Reached XP level 5. HP: 24/33 MP: 8/8
  3257 | D:3      | Found an opulent altar of Gozag.
  3257 | D:3      | Found a glowing golden altar of the Shining One.
  3257 | D:3      | Found a radiant altar of Vehumet.
  3257 | D:3      | Found a shadowy altar of Dithmenos.
  3265 | D:3      | Found an iron altar of Okawaru.
  3265 | D:3      | Found a hide-covered altar of Uskayaw.
  3428 | D:3      | Became a worshipper of Gozag Ym Sagoz the Greedy
  3785 | D:4      | Noticed an ogre
  3794 | D:4      | Slain by an ogre

Skill      XL: |  1  2  3  4 |
---------------+-------------+-----
Stealth        | 1 2 3 |  3.0
Dodging        | 3 |  3.2
Transmutations | 3 |  3.2
Poison Magic   | 1 |  1.7
Fighting       | |  1.0
Unarmed Combat | |  3.9
Spellcasting   | |  2.0

Action                   |  1- 3 |  4- 6 || total
-------------------------+-------+-------++-------
Melee: Unarmed           |    83 |    79 ||   162
       Kick              |    20 |     6 ||    26
       Constrict         |    19 |    20 ||    39
       Tentacles         |    11 |     6 ||    17
       Punch             |     1 |     1 ||     2
 Cast: Beastly Appendage |    23 |    16 ||    39
       Spider Form       |       |     3 ||     3
 Stab: Sleeping          |     9 |    10 ||    19
  Eat: Chunk             |     4 |     5 ||     9
Armor: Skin              |     5 |     7 ||    12
Dodge: Dodged            |    47 |    60 ||   107
